 Dungeon Crawl Stone Soup version 0.29.1-2-gbd0b4ee654 (webtiles) character file.

Game seed: 10795218928161942390

13 jamestheduck25 the Vexing (level 2, 0/9 (11) HPs)
             Began as a Felid Enchanter on Nov 16, 2022.
             Slain by a bat (1 damage)
             ... on level 1 of the Dungeon.
             The game lasted 00:00:33 (647 turns).

jamestheduck25 the Vexing (Felid Enchanter)          Turns: 647, Time: 00:00:33

HP:   0/9 (11)      AC:  1    Str:  4    XL:     2   Next: 24%
MP:   6/6           EV: 17    Int: 16    God:
Gold: 31            SH:  0    Dex: 16    Spells: 5/5 levels left
                                        Lives: 0   Deaths: 0

rFire   . . .      SeeInvis +     - Unarmed
rCold   . . .      Faith    .   (shield unavailable)
rNeg    . . .      Spirit   .   (body armour unavailable)
rPois   .          Reflect  .   (helmet unavailable)
rElec   .          Harm     .   (cloak unavailable)
rCorr   .          Rampage  .   (gloves unavailable)
Will    .....                   (boots unavailable)
Stlth   +++.......              (no amulet)
HPRegen 0.03/turn               (no ring)
MPRegen 0.10/turn               (no ring)

@: heavily drained, quick
A: very small, claws 1, fangs 3, see invisible, speed 1, shaggy fur 1, stealthy
paws, no weapons or thrown items, no armour, multi-lived
a: no special abilities


You were on level 1 of the Dungeon.
You visited 1 branch of the dungeon, and saw 1 of its levels.

You collected 31 gold pieces.

Inventory:

Wands
 d - a wand of polymorph (15)
Scrolls
 c - a scroll of acquirement {unknown}
Potions
 a - 2 potions of invisibility
 b - a potion of mutation {unknown}


   Skills:
 + Level 3.0 Dodging
 + Level 4.2 Stealth
 + Level 1.3 Unarmed Combat
 + Level 2.1 Spellcasting
 + Level 4.6 Hexes


You had 5 spell levels left.
You didn't know any spells.
Your spell library contained the following spells:

 Spells                   Type           Power      Damage    Failure   Level
 Confusing Touch          Hex            16%        N/A       9%          3
 Tukima's Dance           Hex            16%        N/A       9%          3
 Ensorcelled Hibernation  Hex/Ice        18%        N/A       12%         2
 Dazzling Flash           Conj/Hex       18%        N/A       24%         3


Dungeon Overview and Level Annotations

Branches:
Dungeon (1/15)

Altars:


Innate Abilities, Weirdness & Mutations

You have sharp claws.
You have razor-sharp teeth.
You have supernaturally acute eyesight. (SInv)
You cover ground quickly. (Speed+)
You are covered in fur. (AC +1)
Your paws help you pounce on unaware monsters.
You are incapable of wielding weapons or throwing items.
You cannot wear armour.
You gain extra lives every three experience levels.


Message History

There are monsters nearby!
You closely miss the bat. The bat hits you but does no damage.
The kobold closely misses you. The bat barely misses you.
There are monsters nearby!
You completely miss the bat. The bat misses you. The kobold barely misses you.
There are monsters nearby!
You barely miss the kobold. The kobold barely misses you.
The bat barely misses you.
There are monsters nearby!
You scratch the bat.
The bat is moderately wounded.
The bat closely misses you. The bat hits you but does no damage.
The kobold misses you.
There are monsters nearby!
You barely miss the bat.
The bat is moderately wounded.
The bat hits you. The bat closely misses you.
There are monsters nearby!
You scratch the bat but do no damage. The bat misses you. x2
The kobold hits you with a +0 whip of draining.
You feel drained. The bat barely misses you.
There are monsters nearby!
You scratch the bat but do no damage. The bat misses you.
The kobold misses you.
There are monsters nearby!
You scratch the bat. Your bite misses the bat.
The bat is moderately wounded.
The bat barely misses you. The kobold closely misses you.
There are monsters nearby!
You miss the bat. You bite the bat, but do no damage. The bat misses you. x2
The kobold hits you with a +0 whip of draining.
Ouch! That really hurt!
* * * LOW HITPOINT WARNING * * *
You feel drained.
* * * LOW HITPOINT WARNING * * *
There are monsters nearby!
You are too injured to fight recklessly!
You scratch the kobold but do no damage.
You bite the kobold, but do no damage. The bat hits you.
You die...

#............ #.
##.####...... #.
#. ##.#.##. #. #.
#....##. #.
#.###..#.##. #.
#........... #.
##.......... ##b##
#.##.##.###
#.K@######.##....#
#>#...........####
#...###.......#
#######.......#
.?..........#
####....>..#
#.......# #
#.......# #.
####...####


You could see a bat and a kobold.

Vanquished Creatures
  2 bats (D:1)
  2 endoplasms (D:1)
  2 goblins (D:1)
  A hobgoblin (D:1)
  2 quokkas (D:1)
  A ball python (D:1)
  A rat (D:1)
11 creatures vanquished.

Notes
Turn   | Place    | Note
-------+----------+-------------------------------------------
     0 | D:1      | jamestheduck25 the Felid Enchanter began the quest for the
                  | Orb.
     0 | D:1      | Reached XP level 1. HP: 7/7 MP: 4/4
   249 | D:1      | Reached XP level 2. HP: 11/11 MP: 6/6
   647 | D:1      | Slain by a bat

Illustrated notes

Levels and vault maps discovered:
D:1:      lightli_arrival_chessboard, layout_loops_ring, dk_noncrumbling_2

Skill      XL: |  1  2 |
---------------+-------+-----
Dodging        | 3 |  3.0
Stealth        | |  4.2
Unarmed Combat | |  1.3
Spellcasting   | |  2.1
Hexes          | |  4.6

Action                   || total
-------------------------++-------
Melee: Unarmed           ||    32
       Bite              ||     4
       Punch             ||     1
 Stab: Sleeping          ||     3
Armor: Skin              ||     3
Dodge: Dodged            ||    36
